[ AOE2 MATCH · #495870399 ]
UnrankedPoles vs Malay
Player's team · WIN
Rival team · LOSS
[ REPLAY ANALYSIS · EXTRACTED FROM THE RECORDED GAME ]
Feudal
10:57
Castle
20:43
Imperial
—
| APM avg | 32.3 |
| APM peak | 86 |
| eAPM avg | 13.3 |
| Villagers / military | 74 / 61 |
Focus
⚔️ 18.8% · 🌾 81.2%
Knight ×54 · Fishing Ship ×5 · Scout Cavalry ×4 · Monk ×3
Feudal
10:07
Castle
18:51
Imperial
30:48
| APM avg | 25.0 |
| APM peak | 52 |
| eAPM avg | 16.0 |
| Villagers / military | 101 / 20 |
Focus
⚔️ 21.3% · 🌾 78.7%
Battle Elephant ×12 · Spearman ×3 · Monk ×2 · Scout Cavalry ×2 · Fishing Ship ×1 · Transport Ship ×1
Match map
Initial resources + every placement click. Lines = walls · curves = elevation contours. ◆ gold · ⬟ stone · ● berries · ✦ relic · ◌ wall gap
Your base· ✓ Closed at 20:43 · 32t walls · no gate
Xanmax's base· Open — 5t gap
Smoothed initial terrain · ◌ = detected wall gap · hover for details
Inputs per minute
— tseungsiupang - - Xanmax
Build order — tseungsiupang
First 150 of 181 actions detected
| 0:01 | Queue | Villager (Male) |
| 0:01 | Queue | Villager (Male) |
| 0:04 | Build | House |
| 0:06 | Build | House |
| 0:10 | Queue | Villager (Male) |
| 0:10 | Queue | Villager (Male) |
| 0:11 | Queue | Villager (Male) |
| 1:46 | Research | Loom |
| 1:48 | Queue | Villager (Male) |
| 1:48 | Queue | Villager (Male) |
| 2:58 | Build | Mill |
| 3:14 | Queue | Villager (Male) |
| 3:15 | Queue | Villager (Male) |
| 3:46 | Queue | Villager (Male) |
| 3:46 | Queue | Villager (Male) |
| 4:07 | Queue | Villager (Male) |
| 4:08 | Queue | Villager (Male) |
| 4:35 | Queue | Villager (Male) |
| 4:35 | Queue | Villager (Male) |
| 5:02 | Queue | Villager (Male) |
| 5:13 | Build | Lumber Camp |
| 5:15 | Queue | Villager (Male) |
| 5:15 | Queue | Villager (Male) |
| 5:47 | Queue | Villager (Male) |
| 5:47 | Queue | Villager (Male) |
| 6:05 | Queue | Villager (Male) |
| 6:16 | Queue | Villager (Male) |
| 6:16 | Queue | Villager (Male) |
| 6:50 | Build | House |
| 7:13 | Queue | Villager (Male) |
| 7:13 | Queue | Villager (Male) |
| 7:13 | Queue | Villager (Male) |
| 7:39 | Queue | Villager (Male) |
| 7:40 | Queue | Villager (Male) |
| 7:48 | Build | Dock |
| 8:28 | Queue | Fishing Ship |
| 8:28 | Queue | Fishing Ship |
| 8:40 | Research | Feudal Age |
| 8:52 | Queue | Fishing Ship |
| 9:44 | Build | Barracks |
| 10:27 | Build | House |
| 10:57 | Age | Feudal Age |
| 11:00 | Build | Stable |
| 11:04 | Build | Palisade Wall |
| 11:07 | Queue | Villager (Male) |
| 11:07 | Queue | Villager (Male) |
| 11:07 | Queue | Villager (Male) |
| 11:15 | Build | Palisade Wall |
| 11:19 | Build | Palisade Wall |
| 11:29 | Research | Double-Bit Axe |
| 11:29 | Research | Double-Bit Axe |
| 11:47 | Build | Palisade Wall |
| 12:04 | Queue | Scout Cavalry |
| 12:04 | Queue | Scout Cavalry |
| 12:04 | Queue | Scout Cavalry |
| 12:04 | Queue | Scout Cavalry |
| 12:10 | Queue | Villager (Male) |
| 12:11 | Queue | Villager (Male) |
| 13:14 | Build | House |
| 13:17 | Build | House |
| 13:26 | Queue | Villager (Male) |
| 13:26 | Queue | Villager (Male) |
| 13:26 | Queue | Villager (Male) |
| 13:26 | Queue | Villager (Male) |
| 13:53 | Research | Horse Collar |
| 14:00 | Build | Mill |
| 14:23 | Build | Mining Camp |
| 14:27 | Queue | Fishing Ship |
| 14:27 | Queue | Fishing Ship |
| 14:40 | Queue | Villager (Male) |
| 14:41 | Queue | Villager (Male) |
| 14:41 | Queue | Villager (Male) |
| 15:14 | Build | Farm |
| 15:15 | Build | Farm |
| 15:15 | Build | Farm |
| 15:15 | Build | Farm |
| 15:42 | Build | Farm |
| 15:44 | Build | Farm |
| 16:23 | Queue | Villager (Male) |
| 16:23 | Queue | Villager (Male) |
| 16:26 | Build | Farm |
| 16:29 | Build | Farm |
| 16:52 | Build | Farm |
| 17:03 | Build | Farm |
| 17:06 | Build | Farm |
| 17:18 | Build | Mining Camp |
| 17:34 | Queue | Villager (Male) |
| 17:35 | Queue | Villager (Male) |
| 17:43 | Build | Blacksmith |
| 18:03 | Research | Castle Age |
| 18:29 | Build | House |
| 18:32 | Build | House |
| 19:24 | Build | Palisade Wall |
| 19:33 | Build | Market |
| 20:43 | Age | Castle Age |
| 20:45 | Queue | Villager (Male) |
| 20:46 | Queue | Villager (Male) |
| 20:46 | Queue | Villager (Male) |
| 20:46 | Queue | Villager (Male) |
| 20:47 | Queue | Villager (Male) |
| 20:47 | Queue | Villager (Male) |
| 20:47 | Queue | Villager (Male) |
| 21:03 | Build | Castle |
| 21:10 | Build | Stable |
| 21:12 | Build | Stable |
| 21:22 | Research | Heavy Plow |
| 21:24 | Research | Bow Saw |
| 22:02 | Build | Lumber Camp |
| 22:04 | Queue | Villager (Male) |
| 22:45 | Research | Gold Mining |
| 22:52 | Research | Szlachta Privileges |
| 23:23 | Research | Forging |
| 23:24 | Research | Scale Barding Armor |
| 23:32 | Research | Bloodlines |
| 23:40 | Queue | Knight ×5 |
| 23:40 | Queue | Knight ×5 |
| 23:40 | Queue | Knight ×3 |
| 23:57 | Build | Mill |
| 24:07 | Build | Farm |
| 24:13 | Build | Farm |
| 24:14 | Build | Farm |
| 24:15 | Build | Farm |
| 24:34 | Queue | Villager (Male) |
| 24:34 | Queue | Villager (Male) |
| 24:35 | Queue | Villager (Male) |
| 24:35 | Queue | Villager (Male) |
| 24:35 | Queue | Villager (Male) |
| 24:35 | Queue | Villager (Male) |
| 24:44 | Queue | Knight |
| 24:52 | Build | Farm |
| 24:55 | Build | Farm |
| 25:00 | Build | Farm |
| 25:07 | Queue | Knight ×5 |
| 25:07 | Queue | Knight ×5 |
| 25:21 | Build | Lumber Camp |
| 25:34 | Build | Mill |
| 25:35 | Build | Farm |
| 25:35 | Build | Farm |
| 25:36 | Build | Farm |
| 25:36 | Build | Farm |
| 25:36 | Build | Farm |
| 25:36 | Build | Farm |
| 25:37 | Build | Farm |
| 25:58 | Queue | Knight ×5 |
| 26:35 | Build | Stable |
| 26:46 | Build | Stable |
| 26:51 | Queue | Knight ×5 |
| 26:51 | Queue | Knight ×5 |
| 26:52 | Queue | Knight |
| 26:52 | Queue | Knight |
Build order — Xanmax
First 150 of 219 actions detected
| 0:01 | Queue | Villager (Male) |
| 0:01 | Queue | Villager (Male) |
| 0:02 | Queue | Villager (Male) |
| 0:03 | Build | House |
| 0:05 | Build | House |
| 0:09 | Queue | Villager (Male) |
| 0:09 | Queue | Villager (Male) |
| 1:27 | Queue | Villager (Male) |
| 1:45 | Build | Dock |
| 1:57 | Queue | Villager (Male) |
| 2:28 | Queue | Villager (Male) |
| 2:56 | Queue | Villager (Male) |
| 2:56 | Queue | Villager (Male) |
| 3:18 | Queue | Villager (Male) |
| 3:49 | Queue | Villager (Male) |
| 3:49 | Queue | Villager (Male) |
| 3:56 | Queue | Villager (Male) |
| 4:26 | Queue | Villager (Male) |
| 4:33 | Build | House |
| 4:52 | Queue | Villager (Male) |
| 5:25 | Queue | Villager (Male) |
| 5:25 | Queue | Villager (Male) |
| 5:26 | Queue | Villager (Male) |
| 5:26 | Queue | Villager (Male) |
| 5:46 | Queue | Villager (Male) |
| 6:06 | Build | Lumber Camp |
| 7:05 | Research | Loom |
| 7:08 | Build | House |
| 7:24 | Queue | Villager (Male) |
| 7:39 | Queue | Villager (Male) |
| 7:50 | Queue | Villager (Male) |
| 8:20 | Queue | Villager (Male) |
| 8:31 | Research | Feudal Age |
| 8:46 | Build | House |
| 9:15 | Build | Barracks |
| 9:58 | Queue | Villager (Male) |
| 10:07 | Age | Feudal Age |
| 10:09 | Build | Stable |
| 10:18 | Research | Double-Bit Axe |
| 10:22 | Queue | Fishing Ship |
| 10:24 | Queue | Villager (Male) |
| 10:25 | Queue | Villager (Male) |
| 10:29 | Build | House |
| 10:47 | Build | Mill |
| 10:50 | Queue | Villager (Male) |
| 10:51 | Queue | Scout Cavalry |
| 11:01 | Queue | Villager (Male) |
| 11:28 | Queue | Scout Cavalry |
| 11:32 | Build | Mill |
| 11:41 | Build | Lumber Camp |
| 11:46 | Build | Farm |
| 11:57 | Build | Farm |
| 11:58 | Queue | Villager (Male) |
| 12:15 | Build | Farm |
| 12:27 | Build | Farm |
| 12:30 | Queue | Villager (Male) |
| 12:31 | Queue | Villager (Male) |
| 12:34 | Build | House |
| 12:43 | Build | Farm |
| 12:48 | Build | Farm |
| 12:55 | Build | House |
| 13:00 | Queue | Villager (Male) |
| 13:01 | Queue | Villager (Male) |
| 13:07 | Build | Farm |
| 13:34 | Build | Farm |
| 13:43 | Build | Blacksmith |
| 13:52 | Queue | Villager (Male) |
| 13:57 | Build | Farm |
| 14:12 | Queue | Villager (Male) |
| 14:17 | Build | House |
| 14:20 | Build | Farm |
| 14:44 | Queue | Villager (Male) |
| 14:51 | Build | House |
| 15:13 | Build | Mining Camp |
| 15:19 | Queue | Spearman |
| 15:23 | Build | Palisade Wall |
| 15:35 | Queue | Villager (Male) |
| 15:35 | Queue | Villager (Male) |
| 15:41 | Build | Market |
| 15:45 | Build | House |
| 15:52 | Queue | Villager (Male) |
| 16:09 | Queue | Villager (Male) |
| 16:21 | Build | Farm |
| 16:31 | Build | Farm |
| 16:41 | Queue | Spearman |
| 16:42 | Queue | Villager (Male) |
| 17:03 | Research | Castle Age |
| 17:10 | Build | Palisade Wall |
| 17:40 | Build | Farm |
| 18:31 | Research | Gold Mining |
| 18:34 | Research | Horse Collar |
| 18:51 | Age | Castle Age |
| 18:54 | Build | Town Center |
| 18:58 | Queue | Spearman |
| 19:08 | Build | Town Center |
| 19:10 | Queue | Villager (Male) |
| 19:11 | Queue | Villager (Male) |
| 19:13 | Research | Town Watch |
| 20:00 | Queue | Villager (Male) |
| 20:00 | Queue | Villager (Male) |
| 20:12 | Queue | Villager (Male) |
| 20:18 | Queue | Villager (Male) |
| 20:34 | Research | Wheelbarrow |
| 20:36 | Queue | Villager (Male) |
| 20:38 | Build | Farm |
| 20:41 | Build | Farm |
| 20:43 | Build | Farm |
| 20:57 | Build | Farm |
| 20:58 | Queue | Villager (Male) |
| 20:58 | Queue | Villager (Male) |
| 20:59 | Queue | Villager (Male) |
| 21:00 | Queue | Villager (Male) |
| 21:02 | Build | Farm |
| 21:03 | Queue | Villager (Male) |
| 21:08 | Build | Farm |
| 21:10 | Queue | Villager (Male) |
| 21:11 | Queue | Villager (Male) |
| 21:18 | Build | Farm |
| 21:20 | Queue | Villager (Male) |
| 21:32 | Queue | Villager (Male) |
| 21:36 | Queue | Battle Elephant |
| 21:44 | Build | Monastery |
| 21:50 | Queue | Villager (Male) |
| 21:50 | Queue | Villager (Male) |
| 21:58 | Queue | Villager (Male) |
| 21:59 | Queue | Villager (Male) |
| 22:14 | Queue | Battle Elephant |
| 22:27 | Queue | Villager (Male) |
| 22:31 | Queue | Monk |
| 22:40 | Queue | Villager (Male) |
| 22:49 | Queue | Villager (Male) |
| 22:56 | Build | Farm |
| 22:56 | Build | Farm |
| 22:56 | Build | Farm |
| 22:56 | Build | Farm |
| 22:57 | Build | Farm |
| 22:57 | Build | Farm |
| 22:57 | Build | Farm |
| 23:02 | Queue | Villager (Male) |
| 23:05 | Queue | Battle Elephant |
| 23:07 | Queue | Battle Elephant |
| 23:07 | Queue | Villager (Male) |
| 23:09 | Queue | Villager (Male) |
| 23:15 | Queue | Transport Ship |
| 23:26 | Build | Farm |
| 23:26 | Queue | Villager (Male) |
| 23:33 | Build | House |
| 23:37 | Build | House |
| 23:38 | Build | House |
| 23:46 | Research | Hand Cart |
Match timeline
| 1:45 | Xanmax · first_building Dock |
| 7:48 | tseungsiupang · first_building Dock |
| 9:15 | Xanmax · first_building Barracks |
| 9:44 | tseungsiupang · first_building Barracks |
| 10:07 | Xanmax · age_up feudal |
| 10:09 | Xanmax · first_building Stable |
| 10:57 | tseungsiupang · age_up feudal |
| 11:00 | tseungsiupang · first_building Stable |
| 11:04 | tseungsiupang · wall_segment Palisade Wall x6 |
| 11:15 | tseungsiupang · wall_segment Palisade Wall x4 |
| 11:19 | tseungsiupang · wall_segment Palisade Wall x14 |
| 11:47 | tseungsiupang · wall_segment Palisade Wall x7 |
| 15:23 | Xanmax · wall_segment Palisade Wall x5 |
| 16:54 | Xanmax · first_market_sell 100 food |
| 17:10 | Xanmax · wall_segment Palisade Wall x3 |
| 18:51 | Xanmax · age_up castle |
| 19:24 | tseungsiupang · wall_segment Palisade Wall x1 |
| 20:43 | tseungsiupang · age_up castle |
| 20:53 | tseungsiupang · first_market_sell 100 food |
| 20:54 | tseungsiupang · first_market_buy 100 stone |
| 21:03 | tseungsiupang · first_building Castle |
| 21:44 | Xanmax · first_building Monastery |
| 27:34 | Xanmax · first_building Castle |
| 27:42 | Xanmax · first_market_buy 100 food |
| 27:48 | tseungsiupang · first_building Monastery |
| 29:03 | Xanmax · wall_segment Stone Wall x7 |
| 29:21 | Xanmax · wall_segment Stone Wall x1 |
| 29:26 | Xanmax · wall_segment Stone Wall x2 |
| 30:05 | Xanmax · wall_segment Stone Wall x1 |
| 30:48 | Xanmax · age_up imperial |
| 30:56 | Xanmax · resign |
[ AI ANALYSIS · 1 CREDIT ]
What really happened in this match?
Wolo.gg analyzes every decision: build order, eco, micro, common mistakes by bracket. Personalized analysis on WhatsApp or Discord in 30 seconds.
Civ guide
Poles
Perfil
Jugador #2861202